 Dungeon Crawl Stone Soup version 0.29.0-4-gdea44cf6ec (webtiles) character file.

Game seed: 375933056139875203

632 qw the Chopper (level 7, 0/43 HPs)
             Began as a Gargoyle Delver on Sept 10, 2022.
             Slain by Duvessa
             ... wielding a +2 short sword of venom
              (11 damage)
             ... on level 5 of the Dungeon.
             The game lasted 00:01:49 (4480 turns).

qw the Chopper (Gargoyle Delver)                    Turns: 4480, Time: 00:01:49

Health: 0/43       AC: 21    Str: 10 (12) XL:     7   Next: 49%
Magic:  7/7        EV:  2    Int: 21      God:
Gold:   129        SH:  0    Dex: 10 (11) Spells: 6/6 levels left

rFire   . . .      SeeInvis +   Y - +0 hand axe
rCold   + . .      Faith    .   (no shield)
rNeg    + . .      Spirit   .   b - +0 plate armour
rPois   inf        Reflect  .   m - +0 helmet
rElec   +          Harm     .   (no cloak)
rCorr   .          Rampage  .   p - +2 pair of gloves of the Charming Gods {Str-5 Int+7 Slay+5}
Will    .....                   (no boots)
Stlth   ..........              q - amulet "Gixiw" {Regen+ Int+3 Slay+3}
HPRegen 0.94/turn               s - ring of see invisible
MPRegen 0.10/turn               t - ring of protection from cold

@: no status effects
A: sickness immunity, AC +4, negative energy resistance 1, electricity
resistance, torment resistance 1, petrification resistance
a: no special abilities


You were on level 5 of the Dungeon.
You visited 1 branch of the dungeon, and saw 5 of its levels.

You collected 129 gold pieces.


Innate Abilities, Weirdness & Mutations

You are immune to sickness and miasma.
Your stone body is resilient. (AC +4)
You are immune to poison.
You resist negative energy. (rN+)
You are resistant to electric shocks. (rElec)
You are resistant to unholy torment.
You are immune to petrification.


   Skills:
 - Level 4.0 Fighting
 - Level 6.0 Axes
 + Level 4.4 Armour
 - Level 1.5 Dodging
 - Level 5.4 Stealth


You had 6 spell levels left.
You didn't know any spells.
Your spell library was empty.

Inventory:

Hand Weapons
 r - a +0 flail of draining
 Y - a +0 hand axe (weapon)
Armour
 b - a +0 plate armour (worn)
 m - a +0 helmet (worn)
 p - the +2 pair of gloves of the Charming Gods (worn) {Str-5 Int+7 Slay+5}
   (You found it on level 3 of the Dungeon)

   Str:       It affects your strength (-5).
   Int:       It affects your intelligence (+7).
   Slay:      It affects your accuracy & damage with ranged weapons and melee
   (+5).
Jewellery
 a - a ring of protection from fire
 o - a ring of ice
 q - the amulet "Gixiw" (around neck) {Regen+ Int+3 Slay+3}
   (You found it on level 3 of the Dungeon)

   [amulet of regeneration]

   Int:       It affects your intelligence (+3).
   Slay:      It affects your accuracy & damage with ranged weapons and melee
   (+3).
   Regen:     It increases your rate of health regeneration.
 s - a ring of see invisible (left hand)
 t - a ring of protection from cold (right hand)
Wands
 g - a wand of digging (3)
Scrolls
 n - a scroll of identify
Potions
 c - 3 potions of curing
 d - a potion of heal wounds {unknown}
 e - a potion of resistance
 f - 2 potions of haste
 h - 2 potions of might
 j - a potion of berserk rage {unknown}
 u - a potion of attraction {unknown}

Dungeon Overview and Level Annotations

Branches:
Dungeon (5/15)
 Temple: D:4-7

Altars:
Cheibriados
Dithmenos
Qazlal
Sif Muna
Zin

Shops:
D:2 [

Annotations:
D:5 Duvessa


Message History

The orc shouts!
You hit Duvessa but do no damage.
The orc wizard casts a spell.
The orc wizard flickers and vanishes for a moment.
Dowan points at you and mumbles some strange words.
The puff of frost hits you. You resist. Duvessa hits you but does no damage.
You barely miss Dowan.
Dowan is severely wounded.
You hit Duvessa.
Dowan says, "Stay away from my face!"
Dowan hits you but does no damage. Duvessa hits you but does no damage.
You slash Dowan!
You kill Dowan!
Duvessa screams in rage.
Duvessa goes berserk!
You closely miss Duvessa.
Duvessa hits you with a +2 short sword of venom!
The hound bites you.
Duvessa hits you with a +2 short sword of venom.
Your Axes skill increases to level 6!
You hit Duvessa.
Duvessa is heavily wounded.
You hit the hound. The hound bites you but does no damage.
Duvessa hits you but does no damage.
You completely miss Duvessa.
Duvessa is heavily wounded.
You closely miss the hound. The hound bites you but does no damage.
Duvessa hits you with a +2 short sword of venom!
The hound bites you but does no damage. Duvessa barely misses you.
You hit Duvessa but do no damage.
Duvessa is heavily wounded.
You hit the hound. The hound bites you but does no damage.
Duvessa hits you but does no damage.
You hit Duvessa but do no damage.
Duvessa is heavily wounded.
You hit the hound. The hound bites you but does no damage.
Duvessa hits you but does no damage. The hound bites you.
Duvessa hits you with a +2 short sword of venom!
You die...

###.# ###.#########
............#
#######.###.#
#######.# #.#
>.......# #.#
#######.# #.# ##
#.###.####### .#
#....>....@e# .#
#.###.#####h#
.######.# #.. J#
.....##.# #### o#
.###.##.# o# .###.##.#
..
.##...#?#########.####
.##.#)........<.......
.##...####..#####.#.#.


You could see Duvessa (berserk), a hound, a jelly, an orc wizard (invisible) and
an orc.

Vanquished Creatures
  A black bear (D:5)
  A phantom (D:3)
  A bullfrog (D:4)
  A scorpion (D:4)
  Dowan (D:5)
  A howler monkey (D:4)
  2 jellies
  2 iguanas
  An orc wizard (D:4)
  5 adders
  An ufetubus (D:4)
  4 dart slugs
  2 orcs (D:4)
  6 bats
  4 endoplasms
  4 giant cockroaches
  5 goblins
  3 hobgoblins
  9 jackals
  3 quokkas
  7 ball pythons
  6 frilled lizards
  13 kobolds
  6 rats
89 creatures vanquished.

Vanquished Creatures (others)
  11 plants (D:3)
11 creatures vanquished.

Grand Total: 100 creatures vanquished

Notes
Turn   | Place    | Note
-------+----------+-------------------------------------------
     0 | D:5      | qw the Gargoyle Delver began the quest for the Orb.
     0 | D:5      | Reached XP level 1. HP: 14/14 MP: 1/1
     0 | D:5      | 0 ||| qw: Version: 0.1-a-117-gfe26ee0
     0 | D:5      | 0 ||| qw: Game counter: 9791
     0 | D:5      | 0 ||| qw: Always use a shield: true
     0 | D:5      | 0 ||| qw: God list: Okawaru
     0 | D:5      | 0 ||| qw: Allow faded altars: false
     0 | D:5      | 0 ||| qw: Do Orc after D:15 true
     0 | D:5      | 0 ||| qw: Do second Lair branch before Depths: true
     0 | D:5      | 0 ||| qw: Lair rune preference: random
     0 | D:5      | 0 ||| qw: Plans: Normal
     0 | D:5      | 0 ||| PLANNING D:1-11
    23 | D:5      | 23 ||| DROPPING scroll of fog.
    24 | D:5      | 24 ||| DROPPING scroll of magic mapping.
    25 | D:5      | 25 ||| DROPPING scroll of fear.
    30 | D:5      | Noticed a jelly
    31 | D:5      | 31 ||| FLEEEEING.
    32 | D:5      | 32 ||| FLEEEEING.
    33 | D:5      | 33 ||| STAIRDANCE
    48 | D:4      | 48 ||| UPGRADING to +0 scale mail.
    58 | D:4      | 58 ||| DROPPING +0 leather armour.
    68 | D:3      | Reached skill level 2 in Axes
    68 | D:3      | Reached XP level 2. HP: 15/19 MP: 2/2
   270 | D:2      | 270 ||| Stepping ~*~*~tactically~*~*~ (stealth).
   299 | D:2      | Found Quxapic's Antique Armour Emporium.
   308 | D:2      | 308 ||| Stepping ~*~*~tactically~*~*~ (stealth).
   331 | D:2      | Reached skill level 3 in Axes
   336 | D:2      | Reached XP level 3. HP: 17/23 MP: 3/3
   489 | D:2      | 489 ||| Stepping ~*~*~tactically~*~*~ (stealth).
   491 | D:2      | 491 ||| Stepping ~*~*~tactically~*~*~ (stealth).
   493 | D:2      | 493 ||| Stepping ~*~*~tactically~*~*~ (stealth).
   501 | D:2      | Reached skill level 1 in Armour
   565 | D:2      | 565 ||| Stepping ~*~*~tactically~*~*~ (stealth).
   577 | D:2      | 577 ||| DROPPING ring of flight.
   587 | D:2      | 587 ||| UPGRADING to ring of protection from fire.
   601 | D:2      | 601 ||| READING scroll labelled REWNOPTOLIN.
   602 | D:2      | 602 ||| READING scroll labelled FIGOTS UCSU.
   603 | D:2      | 603 ||| DRINKING 2 red potions.
   629 | D:1      | 629 ||| Stepping ~*~*~tactically~*~*~ (stealth).
   701 | D:1      | 701 ||| DROPPING +0 club.
   997 | D:1      | Found a faded altar of an unknown god.
  1632 | D:1      | 1632 ||| UPGRADING to +0 plate armour.
  1642 | D:1      | 1642 ||| DROPPING +0 scale mail.
  1643 | D:1      | 1643 ||| UPGRADING to +0 helmet.
  1648 | D:1      | 1648 ||| READING scroll labelled AKUUVASHEMYBB.
  1649 | D:1      | 1649 ||| DRINKING 2 smoky coppery potions.
  1680 | D:2      | 1680 ||| SHOPLISTING buckler (99 gold, have 45).
  1740 | D:2      | 1740 ||| Stepping ~*~*~tactically~*~*~ (stealth).
  1829 | D:2      | Identified the +1 ring mail of Elyvilon's Hatred {rN+++
                  | rCorr Str-3 Int+2}
  2041 | D:2      | 2041 ||| UPGRADING to +0 pair of gloves.
  2046 | D:2      | 2046 ||| READING 2 scrolls labelled GIBRYU CAPA.
  2047 | D:2      | 2047 ||| DRINKING 3 white potions.
  2048 | D:2      | 2048 ||| READING 2 scrolls of identify.
  2048 | D:2      | 2048 ||| IDENTIFYING sedimented inky potion
  2049 | D:2      | 2049 ||| DROPPING potion of invisibility.
  2050 | D:2      | 2050 ||| DROPPING scroll of vulnerability.
  2150 | D:3      | Reached XP level 4. HP: 24/28 MP: 4/4
  2415 | D:3      | Identified the +2 pair of gloves of the Charming Gods
                  | {Str-5 Int+7 Slay+5}
  2424 | D:3      | Identified the amulet "Gixiw" {Regen+ Int+3 Slay+3}
  2555 | D:3      | Found a snail-covered altar of Cheibriados.
  2556 | D:3      | Found a shimmering blue altar of Sif Muna.
  2556 | D:3      | Found a stormy altar of Qazlal.
  2607 | D:3      | Noticed a phantom
  2608 | D:3      | 2608 ||| Stepping ~*~*~tactically~*~*~ (hiding).
  2649 | D:3      | HP: 7/28 [phantom (3)]
  2653 | D:3      | Killed a phantom
  2654 | D:3      | Reached skill level 4 in Axes
  2654 | D:3      | Reached XP level 5. HP: 5/32 MP: 5/5
  3000 | D:3      | 3000 ||| Stepping ~*~*~tactically~*~*~ (stealth).
  3006 | D:3      | 3006 ||| Stepping ~*~*~tactically~*~*~ (stealth).
  3023 | D:3      | 3023 ||| Stepping ~*~*~tactically~*~*~ (stealth).
  3038 | D:3      | 3038 ||| Stepping ~*~*~tactically~*~*~ (stealth).
  3052 | D:3      | 3052 ||| Stepping ~*~*~tactically~*~*~ (stealth).
  3059 | D:3      | 3059 ||| Stepping ~*~*~tactically~*~*~ (stealth).
  3283 | D:3      | Found a glowing silver altar of Zin.
  3284 | D:3      | Found a shadowy altar of Dithmenos.
  3374 | D:3      | 3374 ||| Stepping ~*~*~tactically~*~*~ (hiding).
  3498 | D:3      | 3498 ||| UPGRADING to +2 pair of gloves of the Charming
                  | Gods {Str-5 Int+7 Slay+5}.
  3508 | D:3      | 3508 ||| DROPPING +0 pair of gloves.
  3509 | D:3      | 3509 ||| UPGRADING to amulet "Gixiw" {Regen+ Int+3 Slay+3}.
  3514 | D:3      | 3514 ||| UPGRADING to ring of protection from cold.
  3515 | D:3      | 3515 ||| READING scroll labelled ERPHUFR MOPEH.
  3518 | D:3      | 3518 ||| DRINKING 2 glowing amethyst potions.
  3519 | D:3      | 3519 ||| DRINKING 2 murky brown potions.
  3520 | D:3      | 3520 ||| READING 2 scrolls of identify.
  3520 | D:3      | 3520 ||| IDENTIFYING silvery potion
  3521 | D:3      | 3521 ||| DROPPING potion of magic.
  3522 | D:3      | 3522 ||| DROPPING potion of degeneration.
  3523 | D:3      | 3523 ||| DROPPING potion of flight.
  3549 | D:4      | 3549 ||| Stepping ~*~*~tactically~*~*~ (stealth).
  3634 | D:4      | 3634 ||| Stepping ~*~*~tactically~*~*~ (stealth).
  3635 | D:4      | 3635 ||| Stepping ~*~*~tactically~*~*~ (stealth).
  3712 | D:4      | 3712 ||| DRINKING 4 potions of curing.
  3712 | D:4      | 3712 ||| (to cure confusion)
  3713 | D:4      | 3713 ||| Stepping ~*~*~tactically~*~*~ (hiding).
  3726 | D:4      | Reached skill level 3 in Armour
  3726 | D:4      | Reached XP level 6. HP: 34/37 MP: 6/6
  3757 | D:4      | 3757 ||| DROPPING +0 whip.
  3787 | D:4      | Reached skill level 5 in Axes
  4089 | D:4      | Reached XP level 7. HP: 43/43 MP: 7/7
  4237 | D:4      | 4237 ||| UPGRADING to ring of see invisible.
  4239 | D:4      | 4239 ||| READING scroll labelled ALISU UTEYD.
  4240 | D:4      | 4240 ||| READING scroll labelled PONAOK KUARGHUSCH.
  4241 | D:4      | 4241 ||| READING scroll labelled BOAFEJ KEGU.
  4464 | D:5      | Noticed Duvessa
  4464 | D:5      | Noticed Dowan
  4476 | D:5      | Killed Dowan
  4477 | D:5      | Reached skill level 6 in Axes
  4480 | D:5      | Slain by Duvessa

Levels and vault maps discovered:
D:1:      dpeg_chamrin_arrival_tetris, layout_basic,
          hellmonk_ecumenical_altar_leap_of_faith
D:2:      layout_rooms, serial_shops, nicolae_shop_hallway_stairs
D:3:      layout_loops_corners, nicolae_overflow_squiral,
          grunt_temple_overflow_open, lexackson_kobold_supper
D:4:      layout_loops_ring
D:5:      layout_loops_ring, minmay_temple_entry_wispy,
          ebering_dispersal_statue_hall, skrybe_limestone_x, uniq_duvessa,
          uniq_ijyb

Skill      XL: |  1  2  3  4  5  6  7 |
---------------+----------------------+-----
Axes           | 2 3 4 5 6 |  6.0
Armour         | 2 3 4 |  4.4
Fighting       | 4 |  4.0
Dodging        | |  1.5
Stealth        | |  5.4

Action                   |  1- 3 |  4- 6 |  7- 9 || total
-------------------------+-------+-------+-------++-------
Melee: Hand axe          |   118 |   164 |    30 ||   312
       Punch             |     1 |     1 |       ||     2
  Use: Scroll            |     5 |     2 |     3 ||    10
       Potion            |     3 |     3 |       ||     6
Armor: Scale mail        |    44 |       |       ||    44
       Plate armour      |    28 |   138 |    32 ||   198
Dodge: Dodged            |    40 |    26 |     1 ||    67

Table legend:
 A = Non-vault XP
 B = Vault XP
 C = Vault XP percentage of total XP
 D = Non-vault monster count
 E = Vault monster count
 F = Vault count percentage of total count
                 A         B        C        D         E       F
            +---------+---------+-------+---------+---------+-------
      Total |     827 |      77 |   8.5 |      80 |       9 |  10.1
            +---------+---------+-------+---------+---------+-------
        D:1 |      13 |       0 |   0.0 |       9 |       0 |   0.0
        D:2 |      49 |       0 |   0.0 |      26 |       0 |   0.0
        D:3 |     184 |       8 |   4.2 |      19 |       8 |  29.6
        D:4 |     385 |       0 |   0.0 |      23 |       0 |   0.0
        D:5 |     196 |      69 |  26.0 |       3 |       1 |  25.0
            +---------+---------+-------+---------+---------+-------
